 Dungeon Crawl Stone Soup version 0.27-b1-41-gafb5482f4b (webtiles) character file.

Game seed: 12759389223061456897

214 Sin92 the Skirmisher (level 5, -1/42 HPs)
             Began as a Demonspawn Fighter on July 28, 2021.
             Slain by a gnoll (4 damage)
             ... on level 4 of the Dungeon.
             The game lasted 00:07:21 (3872 turns).

Sin92 the Skirmisher (Demonspawn Fighter)           Turns: 3872, Time: 00:07:22

Health: -1/42      AC:  6    Str: 17    XL:     5   Next: 60%
Magic:  0/5        EV:  9    Int:  9    God:
Gold:   1243       SH:  9    Dex: 13    Spells: 4/4 levels left

rFire    . . .     SeeInvis .   a - +0 flail
rCold    . . .     Faith    .   c - +0 kite shield
rNeg     . . .     Spirit   +   b - +0 scale mail
rPois    .         Reflect  .   (helmet restricted)
rElec    .         Harm     .   (no cloak)
rCorr    .         Rampage  .   (no gloves)
Will     .....                  (no boots)
Stlth    ..........             h - amulet of guardian spirit
HPRegen  0.14/turn              (no ring)
MPRegen  0.09/turn              (no ring)

@: mighty, studying 2 skills
A: horns 1, repulsion field 1
a: no special abilities


You were on level 4 of the Dungeon.
You visited 1 branch of the dungeon, and saw 4 of its levels.

You collected 1243 gold pieces.

Inventory:

Hand Weapons
 a - a +0 flail (weapon)
Armour
 b - a +0 scale mail (worn)
 c - a +0 kite shield (worn)
Jewellery
 f - a +6 ring of intelligence
 h - an amulet of guardian spirit (around neck)
Wands
 g - a wand of polymorph (8)
Scrolls
 i - a scroll of brand weapon {unknown}
 k - a scroll of enchant weapon
Potions
 e - a potion of flight


   Skills:
 + Level 3.9 Fighting
 + Level 1.4(2.6) Axes
 * Level 3.4(3.6) Maces & Flails
 + Level 3.3 Armour
 + Level 1.7 Dodging
 + Level 3.3 Shields


You had 4 spell levels left.
You didn't know any spells.
Your spell library contained the following spells:

 Spells                   Type           Power      Damage    Failure   Level
 Gell's Gravitas          Tloc           0%         N/A       100%        3
 Lesser Beckoning         Tloc           0%         N/A       100%        3
 Ozocubu's Armour         Ice            0%         N/A       100%        3
 Teleport Other           Tloc           0%         N/A       100%        3
 Metabolic Englaciation   Hex/Ice        0%         N/A       100%        5
 Simulacrum               Ice/Necr       0%         N/A       100%        6


Dungeon Overview and Level Annotations

Branches:
Dungeon (4/15)
 Temple: D:4-7

Altars:
Dithmenos
Nemelex Xobeh
Vehumet


Innate Abilities, Weirdness & Mutations

You have a pair of small horns on your head.
You are surrounded by a mild repulsion field. (EV +2)


Message History

The gnoll is lightly wounded.
The ball python closely misses you. The ball python constricts you.
The gnoll hits you but does no damage. You block the gnoll's attack.
You closely miss the gnoll. You headbutt the gnoll.
The gnoll is lightly wounded.
The ball python bites you but does no damage.
The ball python constricts you. The gnoll hits you with a +0 club.
The gnoll barely misses you. The gnoll hits you with a +0 club.
The gnoll shaman calls upon its god to speed up the gnoll.
The gnoll seems to speed up.
The ball python barely misses you. The ball python constricts you.
The gnoll hits you with a +0 club. x2
You block the gnoll's attack.
You escape the ball python's grasp.
You thump the gnoll!
The gnoll is severely wounded.
The gnoll hits you but does no damage. You block the ball python's attack.
The ball python grabs you. The ball python constricts you.
You block the gnoll's attack.
The ball python bites you but does no damage.
The ball python constricts you.
You barely miss the gnoll.
The gnoll is severely wounded.
The gnoll hits you with a +0 club.
The gnoll hits you from afar with a +0 halberd!
* * * LOW HITPOINT WARNING * * *
The gnoll hits you with a +0 club!
* * * LOW HITPOINT WARNING * * *
You block the ball python's attack. The ball python constricts you.
You sock the ball python!
You kill the ball python!
The gnoll hits you with a +0 club.
* * * LOW HITPOINT WARNING * * *
You block the gnoll's attack.
Unknown command.
Okay, then.
Okay, then.
You thump the gnoll!
You kill the gnoll!
The gnoll hits you from afar with a +0 spear.
You die...

#########
##########.......########
#........#.......#.......
#........#.......#.......
#........'.......#.......
#........#......@#)g.....
#........#......)gg......
####....##.......######..
#....########...
#...........#...
#...........#...
#...........#...
#.†.........#....
#####'####.....#.


You could see a gnoll shaman and a gnoll (fast).

Vanquished Creatures
  A water moccasin skeleton (D:4)
  An iguana (D:4)
  3 gnolls
  5 adders
  A worm (D:2)
  3 orcs
  8 bats
  5 endoplasms
  4 giant cockroaches
  8 goblins
  5 hobgoblins
  3 jackals (D:2)
  5 kobolds
  2 quokkas (D:1)
  6 ball pythons
  10 frilled lizards
  5 rats
75 creatures vanquished.

Vanquished Creatures (others)
  A kobold (D:3)
1 creature vanquished.

Grand Total: 76 creatures vanquished

Notes
Turn   | Place    | Note
-------+----------+-------------------------------------------
     0 | D:1      | Sin92 the Demonspawn Fighter began the quest for the Orb.
     0 | D:1      | Reached XP level 1. HP: 18/18 MP: 1/1
   141 | D:1      | Found a faded altar of an unknown god.
   145 | D:1      | Gained mutation: You have a pair of small horns on your
                  | head. [demonic ancestry]
   145 | D:1      | Reached XP level 2. HP: 24/24 MP: 2/2
   653 | D:1      | Gained mutation: You are surrounded by a mild repulsion
                  | field. (EV +2) [demonic ancestry]
   653 | D:1      | Reached XP level 3. HP: 25/29 MP: 3/3
  1153 | D:2      | Reached skill level 1 in Dodging
  2190 | D:3      | Identified 3 scrolls of acquirement
  2190 | D:3      | Acquired 1086 gold pieces
  2199 | D:3      | Reached XP level 4. HP: 32/35 MP: 4/4
  2206 | D:3      | Acquired a manual of Fighting
  2208 | D:3      | Acquired a manual of Axes
  2292 | D:3      | HP: 1/35 [giant cockroach (2)]
  2712 | D:3      | Found a radiant altar of Vehumet.
  2994 | D:3      | Found a sparkling altar of Nemelex Xobeh.
  3169 | D:3      | Found a shadowy altar of Dithmenos.
  3476 | D:4      | Reached XP level 5. HP: 6/41 MP: 5/5
  3800 | D:4      | Reached skill level 1 in Axes
  3872 | D:4      | Slain by a gnoll

Illustrated notes

Levels and vault maps discovered:
D:1:      elethiomel_arrival_infinity_welcomes_careful_drivers,
          layout_loops_ring, hellmonk_ecumenical_altar_slurped_away
D:2:      layout_rooms, minmay_puff
D:3:      layout_basic, mainiacjoe_overflow_swirl, fiery_altar_vehumet,
          minmay_diced_spiral
D:4:      layout_gridville, minmay_misc_feat_four_crosses,
          guppyfry_early_orc_mine

Skill      XL: |  1  2  3  4  5 |
---------------+----------------+-----
Maces & Flails | 2 3 |  3.4
Dodging        | 1 |  1.7
Shields        | 3 |  3.3
Armour         | 3 |  3.3
Axes           | 1 |  1.4
Fighting       | |  3.9

Action                   |  1- 3 |  4- 6 || total
-------------------------+-------+-------++-------
Melee: Flail             |   110 |   105 ||   215
       Headbutt          |     7 |    17 ||    24
  Use: Potion            |     1 |     5 ||     6
       Scroll            |     4 |     6 ||    10
Armor: Scale mail        |    78 |    49 ||   127
Dodge: Dodged            |    47 |    51 ||    98
Block: Kite shield       |    57 |    70 ||   127
